 Dungeon Crawl Stone Soup version 0.28-a0-1510-gd0f6b136d3 (webtiles) character file.

Game seed: 564058916476019281

6227 lunkers the Covert (level 10, 0/77 HPs)
             Began as a Vampire Enchanter on Jan 14, 2022.
             Was a Believer of Ashenzari.
             Slain by Erica (2 damage)
             ... on level 9 of the Dungeon.
             The game lasted 00:18:16 (8296 turns).

lunkers the Covert (Vampire Enchanter)              Turns: 8296, Time: 00:18:17

Health: 0/77       AC:  8    Str:  7    XL:     10   Next: 61%
Magic:  1/16       EV: 19    Int: 22    God:    Ashenzari [**....]
Gold:   538        SH:  0    Dex: 21    Spells: 9/17 levels left

rFire   . . .      SeeInvis +   a - +4 dagger (distort)
rCold   . . .      Faith    .   (no shield)
rNeg    . . .      Spirit   .   s - +0 steam dragon scales of the Chained Blue Moon {Comp, Bglg} (curse)
rPois   +          Reflect  .   (no helmet)
rElec   .          Harm     .   (no cloak)
rCorr   .          Rampage  .   w - +0 pair of gloves
Will    +....                   t - +1 pair of boots of Ashenzari's Stars {Fort, Comp} (curse)
Stlth   ++++++....              (no amulet)
HPRegen 0.42/turn               e - ring of the Mantic Apathy {rPois, Fort, Cun} (curse)
MPRegen 0.15/turn               k - ring of Ashenzari's Seeker {Dex+6, Comp, Range} (curse)

@: about to teleport, healing quickly
A: alive, fangs 3, see invisible, vampiric 2
a: Exsanguinate, Renounce Religion, Shatter the Chains


You were on level 9 of the Dungeon.
You worshipped Ashenzari.
Ashenzari was pleased with you.
You visited 2 branches of the dungeon, and saw 10 of its levels.

You collected 587 gold pieces.
You spent 49 gold pieces at shops.

Inventory:

Hand Weapons
 a - a +4 dagger of distortion (weapon)
Armour
 s - the cursed +0 steam dragon scales of the Chained Blue Moon (worn) {Comp, Bglg}
   (You found it on level 6 of the Dungeon)

   It has a curse which improves the following skills: Companions: Summonings
   and Necromancy.
   Beguiling: Conjurations, Hexes and Translocations.
 t - the cursed +1 pair of boots of Ashenzari's Stars (worn) {Fort, Comp}
   (You found it on level 7 of the Dungeon)

   It has a curse which improves the following skills: Fortitude: Armour and
   Shields.
   Companions: Summonings and Necromancy.
 w - a +0 pair of gloves (worn)
Jewellery
 e - the cursed ring of the Mantic Apathy (left hand) {rPois, Fort, Cun}
   (You found it on level 1 of the Dungeon)

   [ring of poison resistance]

   rPois:     It protects you from poison.
   It has a curse which improves the following skills: Fortitude: Armour and
   Shields.
   Cunning:   Dodging and Stealth.
 k - the cursed ring of Ashenzari's Seeker (right hand) {Dex+6, Comp, Range}
   (You found it on level 4 of the Dungeon)

   [ring of dexterity]

   Dex:       It affects your dexterity (+6).
   It has a curse which improves the following skills: Companions: Summonings
   and Necromancy.
   Ranged Combat: Slings, Bows, Crossbows and Throwing.
Wands
 g - a wand of mindburst (10)
 p - a wand of iceblast (11)
 q - a wand of charming (5)
 v - a wand of polymorph (5)
Scrolls
 b - a scroll of fear
 h - 2 scrolls of teleportation
 j - a scroll of magic mapping
 r - a scroll of blinking
Potions
 c - 2 potions of invisibility
 d - 2 potions of cancellation
 f - 2 potions of berserk rage
 i - 2 potions of magic
 l - 2 potions of haste
 m - 3 potions of mutation
 n - 2 potions of curing
 o - a potion of might
 u - a potion of resistance


   Skills:
 + Level 6.5 Fighting
 - Level 8.0 Short Blades
 + Level 8.1(9.4) Dodging
 - Level 12.0(13.1) Stealth
 - Level 4.0 Spellcasting
 - Level 10.0(11.2) Hexes


You had 9 spell levels left.
You knew the following spells:

 Your Spells              Type           Power      Damage    Failure   Level
b - Ensorcelled Hibernat  Hex/Ice        58%        N/A       1%          2
c - Confusing Touch       Hex            52%        N/A       1%          3
d - Tukima's Dance        Hex            52%        N/A       1%          3

Your spell library contained the following spells:

 Spells                   Type           Power      Damage    Failure   Level
 Dazzling Flash           Conj/Hex       58%        N/A       3%          3
 Summon Small Mammal      Summ           20%        N/A       10%         1
 Freeze                   Ice            16%        1d4       11%         1
 Magic Dart               Conj           20%        1d4       11%         1
 Sting                    Tmut/Pois      16%        1d3       11%         1
 Fulminant Prism          Conj/Hex       14%        3d9       11%         4
 Leda's Liquefaction      Hex/Erth       14%        N/A       11%         4
 Searing Ray              Conj           10%        2d4       16%         2
 Poisonous Vapours        Pois/Air       8%         N/A       17%         2
 Frozen Ramparts          Ice            8%         1d2       32%         3
 Gell's Gravitas          Tloc           5%         N/A       32%         3
 Stone Arrow              Conj/Erth      8%         3d7       32%         3
 Teleport Other           Tloc           5%         N/A       32%         3
 Animate Armour           Summ/Erth      10%        N/A       71%         4
 Hailstorm                Conj/Ice       4%         3d4       73%         4
 Olgreb's Toxic Radiance  Pois           4%         N/A       73%         4
 Borgnjor's Vile Clutch   Necr/Erth      2%         N/A       96%         5
 Summon Forest            Summ/Tloc      2%         N/A       96%         5
 Dispersal                Tloc           2%         N/A       100%        6
 Polar Vortex             Ice            2%         N/A       100%        9


Dungeon Overview and Level Annotations

Branches:
Dungeon (9/15)             Temple (1/1) D:4
   Lair: D:8-11         Orc: D:9-12

Altars:
Ashenzari
Cheibriados
Dithmenos
Elyvilon
Fedhas
Gozag
Hepliaklqana
Kikubaaqudgha
Makhleb
Nemelex Xobeh
Okawaru
Qazlal
Ru
Sif Muna
Trog
Uskayaw
Vehumet
Wu Jian
Xom
Zin
The Shining One

Shops:
D:3 =   D:5 (   D:6 [

Annotations:
D:9 Erica


Innate Abilities, Weirdness & Mutations

Your natural rate of healing is accelerated.
You have razor-sharp teeth.
You have supernaturally acute eyesight. (SInv)
You are afflicted with vampirism and can become a bat while bloodless.


Message History

Unknown command.
Casting: Tukima's Dance (safe; 1% risk of failure)
Confirm with . or Enter, or press ? or * to list all spells.
Aiming: Tukima's Dance (safe; 1% risk of failure)
Press: ? - help, Shift-Dir - straight line, f/p - Erica
Aim: Erica, wielding a +2 scimitar of flaming and wearing a +0 robe (moderately wounded, slightly transparent, chance to affect: 37%) Erica resists with some effort.
* * * LOW MAGIC WARNING * * *
Erica gestures at you while chanting.
You are confused.
Erica hits you with a +2 scimitar of flaming.
* * * LOW HITPOINT WARNING * * *
Erica burns you.
* * * LOW HITPOINT WARNING * * *
You are too confused!
You bump into the rock wall.
Erica hits you but does no damage.
The orc wizard points at you and mumbles some strange words.
The magic dart hits Erica!
Unknown command.
You feel better. Erica closely misses you. Erica hits you but does no damage.
Unknown command.
As you read the scroll of teleportation, it crumbles to dust.
You feel strangely unstable.
You feel yourself speed up.
The orc wizard gestures at you while chanting.
The puff of flame hits Erica!
The howler monkey zombie misses you. Erica gestures at you while chanting.
The bolt of poison hits you!
You are poisoned.
You resist.
* * * LOW HITPOINT WARNING * * *
Unknown command.
* * * LOW HITPOINT WARNING * * *
You feel very sick. The howler monkey zombie misses you.
You feel better.
Erica hits you with a +2 scimitar of flaming!
* * * LOW HITPOINT WARNING * * *
Erica burns you.
You die...

..........####### *
/.....##...$..... ,
.....# #.#....... .
# #...# #.#.######
*#.# ##.#* #.#.# #.#
**#. #)#.# ##.#
.,#####o#.# ##... *
#...@.#># #####..#.
#..@Z##.####.....###
,
#............###..#.
* #....##.######
##... , #.#.###.#
##.# , * #.#.# #.. ,
, .... *, #.#.#
####* #.### * #.#.#
#. #.#.# * # * * *
#.... , , *


You could see Erica, an orc wizard (invisible) and a howler monkey zombie.

Vanquished Creatures
  A two-headed ogre (D:9)
  2 kobold demonologists (D:8)
  A troll (D:9)
  A hornet (D:8)
  A shadow (D:9)
  2 wyverns (D:7)
  A wraith (D:7)
  2 yaks
  4 steam dragons
  A water moccasin (D:5)
  5 orc warriors
  A sky beast (D:3)
  4 black bears
  An ogre (D:4)
  2 centaurs (D:7)
  4 kobold brigands
  A gnoll sergeant (D:8)
  A wyvern zombie (D:7)
  2 bullfrogs
  2 scorpions
  3 wights (D:7)
  A howler monkey (D:5)
  2 centaur zombies
  A bullfrog zombie (D:5)
  3 hounds
  A jelly (D:5)
  2 bullfrog skeletons (D:5)
  3 orc priests
  Terence (D:3)
  2 iguanas
  15 orc wizards
  A killer bee zombie (D:7)
  4 gnolls
  6 adders
  2 white imps
  An ufetubus (D:6)
  2 worms
  A dart slug (D:4)
  31 orcs
  2 endoplasms (D:1)
  3 giant cockroaches
  6 goblins
  4 hobgoblins
  6 jackals
  14 kobolds
  3 quokkas
  2 ball pythons
  6 bats
  4 frilled lizards
  6 rats
177 creatures vanquished.

Vanquished Creatures (others)
  A dancing weapon (D:9)
  An orc wizard (D:7)
2 creatures vanquished.

Grand Total: 179 creatures vanquished

Notes
Turn   | Place    | Note
-------+----------+-------------------------------------------
     0 | D:1      | lunkers the Vampire Enchanter began the quest for the Orb.
     0 | D:1      | Reached XP level 1. HP: 13/13 MP: 3/3
    74 | D:1      | Reached skill level 5 in Stealth
    74 | D:1      | Reached XP level 2. HP: 19/19 MP: 5/5
    78 | D:1      | Learned a level 2 spell: Ensorcelled Hibernation
   295 | D:1      | Reached skill level 6 in Stealth
   411 | D:1      | Gained mutation: You are afflicted with vampirism and can
                  | become a bat while bloodless. [Vampire growth]
   411 | D:1      | Reached XP level 3. HP: 24/24 MP: 3/6
  1242 | D:2      | Learned a level 3 spell: Confusing Touch
  1392 | D:2      | Reached skill level 7 in Stealth
  1524 | D:2      | Reached XP level 4. HP: 30/30 MP: 7/7
  1622 | D:2      | Found a shadowy altar of Dithmenos.
  1936 | D:3      | Noticed Terence
  1942 | D:3      | Killed Terence
  1943 | D:3      | Reached XP level 5. HP: 35/35 MP: 8/8
  2110 | D:3      | Found a faded altar of an unknown god.
  2147 | D:3      | Noticed a sky beast
  2157 | D:3      | Killed a sky beast
  2158 | D:3      | Reached skill level 8 in Stealth
  2418 | D:3      | Found Luigozxi's One-of-a-Kind Rings.
  2523 | D:3      | Reached XP level 6. HP: 41/41 MP: 9/9
  2639 | D:4      | Reached skill level 9 in Stealth
  2895 | D:4      | Found a staircase to the Ecumenical Temple.
  2896 | D:4      | Got the Incunabulum of Clay
  2913 | D:4      | Reached skill level 5 in Short Blades
  2918 | Temple   | Entered the Ecumenical Temple
  3184 | Temple   | Became a worshipper of Ashenzari the Shackled
  3644 | D:5      | Entered Level 5 of the Dungeon
  3691 | D:5      | Reached XP level 7. HP: 42/46 MP: 10/10
  3707 | D:5      | Reached skill level 10 in Stealth
  3757 | D:5      | Found Xyasootz's Weapon Emporium.
  3911 | D:5      | Reached skill level 11 in Stealth
  4161 | D:5      | Reached XP level 8. HP: 37/52 MP: 11/11
  4563 | D:6      | Found Xahau's Armour Boutique.
  4635 | D:6      | Reached skill level 12 in Stealth
  4686 | D:6      | Found an ancient bone altar of Kikubaaqudgha.
  4839 | D:6      | Learned a level 3 spell: Tukima's Dance
  4930 | D:6      | Reached skill level 5 in Hexes
  5400 | D:7      | Reached XP level 9. HP: 57/58 MP: 12/12
  5567 | D:7      | HP: 2/58 [centaur (3)]
  5568 | D:7      | Reached skill level 1 in Fighting
  5789 | D:7      | Reached * piety under Ashenzari
  5913 | D:7      | Noticed a boulder beetle
  6416 | D:7      | Identified the Almanac of Ice and the Entourage
  6550 | D:8      | Reached ** piety under Ashenzari
  6592 | D:7      | Reached skill level 10 in Hexes
  6721 | D:8      | Reached skill level 5 in Dodging
  7019 | D:8      | Noticed a kobold demonologist
  7034 | D:8      | Noticed a kobold demonologist
  7069 | D:8      | Reached XP level 10. HP: 73/73 MP: 11/14
  7164 | D:8      | Found a shimmering altar of Xom.
  7219 | D:8      | Reached skill level 5 in Fighting
  7220 | D:8      | Noticed a sixfirhy
  7607 | D:8      | Found a hide-covered altar of Uskayaw.
  8018 | D:6      | Bought a +0 pair of gloves for 49 gold pieces
  8070 | D:9      | Noticed a two-headed ogre
  8091 | D:9      | Killed a two-headed ogre
  8262 | D:9      | Noticed Erica
  8296 | D:9      | HP: 2/77 [Erica (10)]
  8296 | D:9      | Slain by Erica

Illustrated notes

Levels and vault maps discovered:
D:1:      saegor_arrival_fortress, layout_basic, fountainhead,
          chequers_serial_rivers_small_3
D:2:      layout_loops_cross, basic_altar
D:3:      layout_loops_cross, dreamdust_ecumenical_altar_angels_and_demons,
          hangedman_decor_push, st_stairs_12, corexii_hall_statues_x,
          nicolae_shop_unique_rings, uniq_terence
D:4:      layout_loops_ring, minmay_temple_entry_tees
D:5:      layout_basic, serial_shops, nicolae_shop_waterfront
D:6:      layout_rooms, nicolae_kikubaaqudgha_miasma_corner, serial_shops,
          nicolae_shop_trees, kennysheep_small_square
D:7:      layout_cave_pools, minivault_19, minmay_chambers_of_fives
D:8:      layout_gridville, nicolae_uskayaw_suspiria,
          mainiacjoe_overflow_alcove_4, grunt_decor_fettered,
          hangedman_decor_riveting, minmay_fractal_squares_diagonal_5
D:9:      layout_loops_ring, lemuel_crystal_altar, uniq_erica
Temple:   dpeg_five_rooms_temple

Skill      XL: |  1  2  3  4  5  6  7  8  9 10 |
---------------+-------------------------------+-----
Stealth        | 5 6 7 8 9 11 12 | 12.0
Short Blades   | 2 3 4 5 6 8 |  8.0
Hexes          | 9 10 | 10.0
Fighting       | 4 6 |  6.5
Dodging        | 6 8 |  8.1
Spellcasting   | 3 4 |  4.0

Action                   |  1- 3 |  4- 6 |  7- 9 | 10-12 || total
-------------------------+-------+-------+-------+-------++-------
Melee: Dagger            |    94 |    97 |   223 |    74 ||   488
       Bite              |     7 |     8 |    21 |     8 ||    44
       Punch             |     2 |     2 |     2 |       ||     6
 Cast: Ensorcelled Hiber |     9 |     3 |    20 |    15 ||    47
       Tukima's Dance    |       |       |       |    10 ||    10
       Confusing Touch   |       |       |       |     4 ||     4
Invok: Curse Item        |       |       |     3 |     1 ||     4
Evoke: Wand              |       |       |       |     1 ||     1
  Use: Scroll            |       |     7 |     4 |     3 ||    14
       Potion            |       |       |       |     2 ||     2
 Stab: Sleeping          |    19 |    14 |    27 |    13 ||    73
Armor: Robe              |    13 |    13 |     5 |       ||    31
       Steam dragon scal |       |       |    29 |    19 ||    48
Dodge: Dodged            |    47 |    49 |   118 |    52 ||   266

Table legend: (Time is in decaauts)
 A = Elapsed time spent in this place.
 B = Non-inter-level travel time spent in this place.
 C = Inter-level travel time spent in this place.
 D = Time resting spent in this place.
 E = Time spent auto-exploring this place.
 F = Levels seen in this place.
 G = Mean time per level.
                   A        B        C        D        E       F      G
               +--------+--------+--------+--------+--------+-----+--------+
         Total |   8189 |   7828 |    361 |    426 |   5835 |  10 |  818.9 |
       Dungeon |   7889 |   7616 |    273 |    426 |   5634 |   9 |  876.6 |
        Temple |    299 |    212 |     87 |      0 |    201 |   1 |  299.0 |
               +--------+--------+--------+--------+--------+-----+--------+

Top non-repeatable levels by time:
     D:8: 1408 daAuts
     D:1: 1095 daAuts
     D:6: 1076 daAuts
     D:7: 1023 daAuts
     D:5: 824 daAuts
     D:3: 794 daAuts
     D:4: 722 daAuts
     D:2: 712 daAuts
  Temple: 299 daAuts
     D:9: 232 daAuts
